 Dungeon Crawl Stone Soup version 0.23.2-33-g5129a83184 (webtiles) character file.

Game seed: 15225427447154585993

255 ruda the Shield-Bearer (level 5, -5/48 HPs)
             Began as a Minotaur Fighter on July 28, 2019.
             Slain by Sigmund
             ... wielding a +0 scythe
              (9 damage)
             ... on level 3 of the Dungeon.
             The game lasted 00:08:31 (1720 turns).

ruda the Shield-Bearer (Minotaur Fighter)           Turns: 1720, Time: 00:08:32

Health: -5/48      AC:  7    Str: 22    XL:     5   Next: 91%
Magic:  4/4        EV:  7    Int:  5    God:
Gold:   172        SH: 10    Dex:  9    Spells: 4/4 levels left

rFire    . . .     SeeInvis .   a - +0 war axe
rCold    . . .     Gourm    .   c - +0 shield
rNeg     . . .     Faith    .   b - +0 scale mail
rPois    .         Spirit   .   (helmet restricted)
rElec    .         Reflect  .   (no cloak)
rCorr    .         Harm     .   (no gloves)
MR       .....                  (no boots)
Stlth    ..........             (no amulet)
HPRegen  0.16/turn              (no ring)
MPRegen  0.09/turn              (no ring)

@: no status effects
A: retaliatory headbutt, horns 2
a: no special abilities


You were on level 3 of the Dungeon.
You were not hungry.

You visited 1 branch of the dungeon, and saw 3 of its levels.

You collected 172 gold pieces.

Inventory:

Hand Weapons
 a - a +0 war axe (weapon)
Armour
 b - a +0 scale mail (worn)
 c - a +0 shield (worn)
Jewellery
 q - an uncursed amulet of magic regeneration
 v - an uncursed amulet of rage {unknown}
Wands
 u - a wand of disintegration (6)
Scrolls
 e - a scroll of immolation {unknown}
 j - a scroll of amnesia {unknown}
 k - 2 scrolls of remove curse {unknown}
 m - a scroll of enchant armour {unknown}
 n - a scroll of teleportation {unknown}
 o - a scroll of identify {unknown}
 r - a scroll of fear {unknown}
Potions
 d - a potion of might
 g - a potion of brilliance {unknown}
 h - a potion of ambrosia {unknown}
 i - 3 potions of curing {unknown}
 l - 2 potions of agility {unknown}
 p - a potion of mutation {unknown}
 s - a potion of cancellation {unknown}
 t - a potion of magic {unknown}
Comestibles
 f - 5 rations
 w - a chunk of flesh


   Skills:
 + Level 5.1 Fighting
 * Level 5.1 Axes
 - Level 3.9 Armour
 + Level 5.2 Shields


You had 4 spell levels left.
You didn't know any spells.
Your spell library was empty.

Dungeon Overview and Level Annotations

Branches:
Dungeon (3/15)

Altars:
Dithmenos
Qazlal
The Shining One

Annotations:
D:3 1 runed translucent door, Crazy Yiuf, Sigmund


Innate Abilities, Weirdness & Mutations

You reflexively headbutt those who attack you in melee.
You have a pair of horns on your head.


Message History

Sigmund's hands start flickering wildly.
You bump into the rock wall.
You feel less confused.
Sigmund mumbles some strange words.
Sigmund flickers and vanishes!
Deactivating autopickup; reactivate with Ctrl-A.
The gnoll shouts!
You hit the plant.
The plant is lightly damaged.
You hit the plant. You headbutt the plant!
The plant is moderately damaged.
Something hits you!
* * * LOW HITPOINT WARNING * * *
You hit the plant but do no damage.
The plant is moderately damaged.
Something hits you but does no damage.
You hit the plant. You headbutt the plant.
The plant is moderately damaged.
Something hits you!
You die...

#########################
..............{.@P......#
.........P..........[...#
≈≈≈≈≈≈≈≈≈†≈††≈≈≈≈≈≈≈....#
≈≈≈≈≈≈≈≈≈≈≈≈≈≈≈≈≈≈≈≈....#
≈≈≈≈≈≈≈≈≈≈≈≈≈#####≈≈....#
.............#.g.#≈≈....#
##############...#≈≈....#
#'###≈≈....# #.≈≈≈....#


You could see a gnoll.

Vanquished Creatures
  An orc wizard (D:3)
  Ijyb (D:3)
  2 gnolls (D:3)
  6 adders
  2 dart slugs (D:2)
  A leopard gecko (D:2)
  8 orcs (D:3)
  7 bats
  2 giant cockroaches
  11 goblins
  9 hobgoblins
  23 jackals
  A quokka (D:3)
  4 frilled lizards
  10 kobolds
  26 rats
114 creatures vanquished.

Notes
Turn   | Place    | Note
-------+----------+-------------------------------------------
     0 | D:1      | ruda the Minotaur Fighter began the quest for the Orb.
     0 | D:1      | Reached XP level 1. HP: 19/19 MP: 0/0
    38 | D:1      | Reached XP level 2. HP: 27/27 MP: 1/1
   624 | D:2      | Reached XP level 3. HP: 32/33 MP: 2/2
   703 | D:2      | Reached XP level 4. HP: 32/41 MP: 3/3
   881 | D:2      | Found a stormy altar of Qazlal.
   929 | D:2      | Found a glowing golden altar of the Shining One.
  1289 | D:3      | Reached XP level 5. HP: 44/47 MP: 4/4
  1314 | D:3      | Found a runed translucent door.
  1315 | D:3      | Noticed Crazy Yiuf
  1364 | D:3      | Reached skill level 5 in Shields
  1424 | D:3      | Found a shadowy altar of Dithmenos.
  1471 | D:3      | Reached skill level 5 in Fighting
  1503 | D:3      | Noticed Ijyb
  1515 | D:3      | Killed Ijyb
  1515 | D:3      | Reached skill level 5 in Axes
  1670 | D:3      | Noticed Sigmund
  1720 | D:3      | Slain by Sigmund

Skill      XL: |  1  2  3  4  5 |
---------------+----------------+-----
Fighting       | 4 5 |  5.1
Shields        | 4 5 |  5.2
Axes           | 3 4 5 |  5.1
Armour         | |  3.9

Action                   |  1- 3 |  4- 6 || total
-------------------------+-------+-------++-------
Melee: War axe           |    88 |   160 ||   248
       Headbutt          |     7 |    19 ||    26
  Eat: Chunk             |       |     3 ||     3
Armor: Scale mail        |    47 |    69 ||   116
Dodge: Dodged            |    31 |    47 ||    78
Block: Shield            |    44 |    87 ||   131
